 Dungeon Crawl Stone Soup version 0.24-a0-471-g3302cd442e (webtiles) character file.

Game seed: 7599788846853677313

415 pk666 the Magician (level 6, -2/32 HPs)
             Began as a Deep Elf Wizard on July 4, 2019.
             Slain by a worker ant (4 damage)
             ... on level 4 of the Dungeon.
             The game lasted 00:07:18 (4212 turns).

pk666 the Magician (Deep Elf Wizard)                Turns: 4212, Time: 00:07:19

Health: -2/32      AC:  5    Str:  4    XL:     6   Next: 60%
Magic:  2/16       EV: 13    Int: 25    God:
Gold:   195        SH:  0    Dex: 13    Spells: 7/16 levels left

rFire    . . .     SeeInvis +   j - +2 dagger (speed)
rCold    . . .     Gourm    .   (no shield)
rNeg     . . .     Faith    .   a - +0 robe
rPois    .         Spirit   .   b - +0 hat
rElec    .         Reflect  .   e - +2 cloak
rCorr    .         Harm     .   (no gloves)
MR       .....                  (no boots)
Stlth    ++........             (no amulet)
HPRegen  0.10/turn              (no ring)
MPRegen  0.15/turn              r - ring of see invisible

@: lethally poisoned (-2 -> -4)
A: no striking features
a: no special abilities


You were on level 4 of the Dungeon.
You were not hungry.

You visited 1 branch of the dungeon, and saw 4 of its levels.

You collected 195 gold pieces.

Inventory:

Hand Weapons
 j - a +2 dagger of speed (weapon)
Armour
 a - a +0 robe (worn)
 b - a +0 hat (worn)
 e - a +2 cloak (worn)
Jewellery
 h - an uncursed ring of fire
 o - an uncursed ring of ice
 r - a ring of see invisible (right hand)
Scrolls
 c - 3 scrolls of remove curse {unknown}
 f - a scroll of blinking {unknown}
 i - 3 scrolls of identify {unknown}
 k - 3 scrolls of teleportation {unknown}
 l - a scroll of amnesia {unknown}
 n - a scroll of fog {unknown}
 p - 2 scrolls of immolation {unknown}
 v - a scroll of enchant armour {unknown}
Potions
 m - a potion of degeneration {unknown}
 q - a potion of resistance {unknown}
 s - a potion of berserk rage {unknown}
 t - a potion of brilliance {unknown}
 u - a potion of agility {unknown}
 w - a potion of flight {unknown}
Comestibles
 d - 7 rations
 g - 2 chunks of flesh


   Skills:
 - Level 3.1 Dodging
 - Level 2.4 Stealth
 + Level 5.9 Spellcasting
 + Level 3.3 Conjurations
   Level 1.1 Summonings
 + Level 2.9 Translocations
 + Level 2.5 Fire Magic
 - Level 2.0 Air Magic
 + Level 2.4 Poison Magic


You had 7 spell levels left.
You knew the following spells:

 Your Spells              Type           Power        Failure   Level  Hunger
a - Magic Dart            Conj           ###.         1%          1    None
b - Blink                 Tloc           N/A          3%          2    None
c - Conjure Flame         Conj/Fire      ###.....     7%          3    #......
d - Mephitic Cloud        Conj/Pois/Air  ###.....     8%          3    #......

Your spell library contained the following spells:

 Spells                   Type           Power        Failure   Level  Hunger
 Call Imp                 Summ           ##......     7%          2    None
 Slow                     Hex            #.......     12%         2    None


Dungeon Overview and Level Annotations

Branches:
Dungeon (4/15)
 Temple: D:4-7

Altars:
Dithmenos

Shops:
D:4 *

Annotations:
D:2 1 runed translucent door, Crazy Yiuf


Message History

The worker ant barely misses you.
Casting: Magic Dart (safe; 1% risk of failure)
Confirm with . or Enter, or press ? or * to list all spells.
Aiming: Magic Dart (safe; 1% risk of failure)
Press: ? - help, Shift-Dir - straight line, f/p - worker ant
Aim: a worker ant (heavily wounded)
The magic dart hits the worker ant but does no damage.
The worker ant is heavily wounded.
* * * LOW HITPOINT WARNING * * *
You feel sick. The worker ant closely misses you.
Casting: Magic Dart (safe; 1% risk of failure)
Confirm with . or Enter, or press ? or * to list all spells.
Aiming: Magic Dart (safe; 1% risk of failure)
Press: ? - help, Shift-Dir - straight line, f/p - worker ant
Aim: a worker ant (heavily wounded)
The magic dart hits the worker ant.
The worker ant is almost dead.
The worker ant waves its antennae.
The worker ant barely misses you. The worker ant bites you.
You die...

....'.................#....######
....#.......##..#######....#
....#....>..##..#..........#
....#####.......#..........#
........######..#..........+
.............#..#..........#
.............#..#.l........#
.............####..........#
....[..........a@..)...#######
....#########......)...#.....#
....# #..........#.....# .[..#
#..........##..### ....#
#.......#####'####### ....#
....#.......# #........ ....#
....#.......# #........ ....#
#...#.......# #........
....#####...#.......# #........


You could see a worker ant and a frilled lizard.

Vanquished Creatures
  Sigmund (D:3)
  3 orc wizards (D:4)
  Natasha (twice) (D:3)
  A worker ant (D:4)
  2 adders
  4 dart slugs
  A worm (D:2)
  A leopard gecko (D:4)
  10 orcs (D:4)
  8 giant cockroaches
  3 goblins
  5 hobgoblins
  6 jackals
  5 kobolds
  A quokka (D:2)
  6 bats
  11 frilled lizards
  A leopard gecko skeleton (D:4)
  7 rats
78 creatures vanquished.

Notes
Turn   | Place    | Note
-------+----------+-------------------------------------------
     0 | D:1      | pk666 the Deep Elf Wizard began the quest for the Orb.
     0 | D:1      | Reached XP level 1. HP: 10/10 MP: 7/7
   328 | D:1      | Reached XP level 2. HP: 15/15 MP: 5/9
  1123 | D:1      | Reached XP level 3. HP: 19/19 MP: 8/11
  1127 | D:1      | Learned a level 2 spell: Blink
  1131 | D:1      | Learned a level 3 spell: Conjure Flame
  1135 | D:1      | Learned a level 3 spell: Mephitic Cloud
  1330 | D:2      | Reached skill level 5 in Spellcasting
  2142 | D:2      | Found a runed translucent door.
  2143 | D:2      | Noticed Crazy Yiuf
  2377 | D:3      | Noticed Sigmund
  2394 | D:3      | Killed Sigmund
  2394 | D:3      | Reached skill level 1 in Fire Magic
  2394 | D:3      | Reached skill level 1 in Air Magic
  2394 | D:3      | Reached skill level 1 in Poison Magic
  2394 | D:3      | Reached XP level 4. HP: 16/24 MP: 0/13
  2394 | D:3      | Reached XP level 5. HP: 19/28 MP: 0/15
  2631 | D:3      | Found a shadowy altar of Dithmenos.
  2949 | D:3      | Noticed Natasha
  2952 | D:3      | Killed Natasha
  3117 | D:3      | Noticed Natasha
  3128 | D:3      | Killed Natasha
  3128 | D:3      | Reached XP level 6. HP: 21/32 MP: 8/16
  3231 | D:4      | Found Waats's Assorted Antiques.
  4212 | D:4      | Slain by a worker ant

Levels and vault maps discovered:
D:1:      dpeg_arrival_oval, layout_basic, st_stairs_5, minmay_pentomino_z2
D:2:      layout_basic, uniq_crazy_yiuf_cottage
D:3:      layout_loops_cross, nicolae_dithmenos_through_a_glass_darkly,
          uniq_natasha, uniq_sigmund
D:4:      layout_gridville, serial_shops, shop_coins, first_ration

Skill      XL: |  1  2  3  4  5  6 |
---------------+-------------------+-----
Dodging        | 3 |  3.1
Conjurations   | 2 3 |  3.3
Spellcasting   | 5 |  5.9
Translocations | 2 |  2.9
Fire Magic     | 1 2 |  2.5
Air Magic      | 1 2 |  2.0
Poison Magic   | 1 2 |  2.4
Stealth        | |  2.4
Summonings     | |  1.1

Action                   |  1- 3 |  4- 6 || total
-------------------------+-------+-------++-------
Melee: Dagger            |     6 |    15 ||    21
 Cast: Magic Dart        |   110 |   125 ||   235
       Mephitic Cloud    |     1 |     1 ||     2
  Use: Potion            |       |     3 ||     3
 Stab: Confused          |     2 |       ||     2
  Eat: Chunk             |     4 |     6 ||    10
Armor: Robe              |     4 |     5 ||     9
Dodge: Dodged            |    17 |    33 ||    50

Table legend:
 A = Non-vault XP
 B = Vault XP
 C = Vault XP percentage of total XP
 D = Non-vault monster count
 E = Vault monster count
 F = Vault count percentage of total count
                 A         B        C        D         E       F
            +---------+---------+-------+---------+---------+-------
      Total |     342 |     251 |  42.3 |      71 |       7 |   9.0
            +---------+---------+-------+---------+---------+-------
        D:1 |      33 |       8 |  19.5 |      21 |       5 |  19.2
        D:2 |      51 |       0 |   0.0 |      17 |       0 |   0.0
        D:3 |      53 |     243 |  82.1 |      12 |       2 |  14.3
        D:4 |     205 |       0 |   0.0 |      21 |       0 |   0.0
            +---------+---------+-------+---------+---------+-------
